AoeStats
← LimitBid70

Golden Pit

510054262Analyzed
1v1 RM · 2d ago on Sep 29, 2026· 35m 22s· 2 players
Game mode
Random Map
Map size
Tiny (2 player)
Population
200
Speed
Normal
Resources
Standard
Victory
Conquest
Starting age
Dark Age
Ending age
Imperial Age
RankedLock teamsTeams togetherTeam positionsShared explorationLock speedFull tech treeHidden civsTurbo modeCheats
Victory
Defeat
🇲🇽 Saxons · Mexico
1207
+16
🇦🇺 Cumans · Australia
1205
-16
LimitBid70
10:14 Feudal Age
11:29 Double-Bit Axe
11:48 Loom
12:57 Horse Collar
17:01 Fletching
20:14 Wheelbarrow
21:59 Town Watch
22:17 Gold Mining
25:53 Castle Age
24:35 Bloodlines
24:38 Forging
24:33 Scale Barding Armor
26:05 Capped Ram
30:33 Iron Casting
31:28 Gold Shaft Mining
MalvXIV
4:00 Loom
10:21 Feudal Age
10:23 Man-at-Arms
11:40 Double-Bit Axe
12:38 Arson
18:01 Forging
22:33 Castle Age
20:38 Scale Mail Armor
23:03 Wheelbarrow
22:15 Town Watch
24:19 Gold Mining
24:43 Bow Saw
25:09 Herbal Medicine
25:50 Fletching
26:06 Squires
25:27 Long Swordsman
28:18 Bodkin Arrow
30:34 Chain Mail Armor
Connection lost

Rejoining the realm…

Still unreachable

The connection could not be restored.

Session expired

The server has moved on; the page needs a fresh start.